 Dungeon Sprint DCSS version 0.30-a0-920-g7493c07aab (webtiles) character file.

Game seed: 9580536417697265547

20707 Atreus the Spry (level 12, -11/111 HPs)
             Began as a Spriggan Berserker on Mar 21, 2023.
             Was a High Priest of Trog.
             Mangled by a tengu reaver
             ... wielding a +2 war axe of flaming
              (18 damage)
             ... in the Dungeon (Sprint IX: "|||||||||||||||||||||||||||||").
             The game lasted 00:11:03 (2518 turns).

Atreus the Spry (Spriggan Berserker)                Turns: 2518, Time: 00:11:03

Health: -11/111    AC: 13    Str: 13    XL:     12   Next: 47%
Magic:  13/13      EV: 28    Int:  8    God:    Trog [*****.]
Gold:   1272       SH:  0    Dex: 20    Spells: 11/11 levels left

rFire   x . .      SeeInvis +    H - +5 scimitar (protect)
rCold   + + .      Faith    .    (no shield)
rNeg    . . .      Spirit   .    I - +0 ice dragon scales
rPois   +          Reflect  .    (helmet restricted)
rElec   .          Rampage  .    n - +0 cloak
rCorr   .          NoTele   +    (gloves unavailable)
Will    ++++.                    (boots unavailable) Stlth
                                 (no amulet)
HPRegen 1.38/turn                k - +2 ring of evasion
MPRegen 0.13/turn                z - ring of poison resistance

@: berserking, strong-willed, regenerating, very quick
A: very small, no large weapons, unfitting armour, see invisible, speed 3
a: Renounce Religion, Berserk, Trog's Hand, Brothers in Arms


You were in the Dungeon.
You worshipped Trog.
Trog was extremely pleased with you.
You visited 1 branch You collected 1910 gold pieces.
You spent 638 gold pieces at shops.

Inventory:

Hand Weapons
 a - a +0 short sword
 p - a +2 rapier of venom
 q - a +2 scimitar of flaming
 u - a +1 double sword of flaming
 H - a +5 scimitar of protection (weapon)
Armour
 b - a +0 animal skin
 m - a +1 scale mail
 n - a +0 cloak (worn)
 o - a +0 pair of gloves
 r - a +0 troll leather armour
 w - a +0 robe of cold resistance
 D - +0 acid dragon scales
 E - an orb of light
 I - +0 ice dragon scales (worn)
Jewellery
 k - a +2 ring of evasion (left hand)
 l - a +3 ring of strength
 z - a ring of poison resistance (right hand)
 A - a ring of fire
 B - a ring of see invisible
 C - a ring of poison resistance
Wands
 j - a wand of roots (7)
Scrolls
 h - 4 scrolls of blinking
 s - 4 scrolls of identify
 t - a scroll of fog
 v - a scroll of magic mapping
 y - a scroll of vulnerability
 F - 3 scrolls of fear
 G - 2 scrolls of enchant weapon
Potions
 c - 13 potions of curing
 d - 6 potions of heal wounds
 e - 2 potions of haste
 f - 4 potions of magic
 g - 2 potions of berserk rage
 i - 2 potions of might
 x - a potion of resistance


   Skills:
 + Level 14.1 Fighting
 - Level 10.6(17.4) Short Blades
 + Level 17.1(17.8) Long Blades
 - Level 7.1 Armour
 + Level 20.3 Dodging
 - Level 0.6 Evocations


You had 11 spell levels left.
You didn't know any spells.
Your spell library was empty.

Dungeon Overview and Level Annotations

Branches:
Dungeon (1/1)

Altars:
Cheibriados
Dithmenos
Elyvilon
Fedhas
Gozag
Hepliaklqana
Kikubaaqudgha
Makhleb
Nemelex Xobeh
Okawaru
Qazlal
Ru
Sif Muna
Trog
Uskayaw
Vehumet
Wu Jian
Xom
Yredelemnul
Zin
The Shining One
Jiyva
Lugonu

Shops:
D *(!(


Innate Abilities, Weirdness & Mutations

You are very small and have problems with some larger weapons.
You are too small for most types of armour.
You have supernaturally acute eyesight. (SInv)
You cover ground extremely quickly. (Speed+++)


Message History

Your two-headed ogre hits the rakshasa with a +0 giant club!
Your two-headed ogre misses the rakshasa.
The rakshasa hits your two-headed ogre with a +0 whip.
The tengu reaver points at you and mumbles some strange words.
The bolt of negative energy hits the rakshasa.
The rakshasa completely resists.
The bolt of negative energy hits your two-headed ogre!!!
Your two-headed ogre is drained!
Your two-headed ogre dies!
Your two-headed ogre's corpse disappears in a puff of smoke!
The bolt of negative energy misses you. The rakshasa gestures at you.
The lance of force misses you.
You see here a +2 ring mail.
You closely miss the tengu reaver.
The tengu reaver hits you with a +2 war axe of flaming!!
The tengu reaver burns you!!
* * * LOW HITPOINT WARNING * * *
The tengu reaver misses you.
The tengu reaver claws you but does no damage.
You are too injured to fight recklessly!
You are too injured to fight recklessly!
You are too injured to fight recklessly!
You are too injured to fight recklessly!
You are too injured to fight recklessly!
You are too injured to fight recklessly!
You are too injured to fight recklessly!
You are too injured to fight recklessly!
You are too injured to fight recklessly!
You are too injured to fight recklessly!
You are too injured to fight recklessly!
You are too injured to fight recklessly!
You are too injured to fight recklessly!
Unknown command.
A red film seems to cover your vision as you go berserk!
You feel yourself moving faster!
You feel mighty!
The tengu reaver hits you with a +2 war axe of flaming!!
* * * LOW HITPOINT WARNING * * *
The tengu reaver burns you!!
You die...

.......†)†).....†††..)...†††.....
▓▓▓▓▓▓▓▓▓▓▓▓▓▓▓▓▓▓▓▓▓▓▓▓▓▓▓▓▓▓▓▓▓
....)............................
▓▓▓▓▓▓▓▓▓▓▓▓▓▓▓▓▓▓▓▓▓▓▓▓▓▓▓▓▓▓▓▓▓
∩.∩..))))..)...)...)))))))..)))))
▓▓▓▓▓▓▓▓▓▓▓▓▓▓▓▓▓▓▓▓▓▓▓▓▓▓▓▓▓▓▓▓▓
.............§...............)...
▓▓▓▓▓▓▓▓▓▓▓▓▓▓▓▓▓▓▓▓▓▓▓▓▓▓▓▓▓▓▓▓▓
DQuo..'C.....RQQ@[[[)).[[..))))))
▓▓▓▓▓▓▓▓▓▓▓▓▓▓▓▓▓▓▓▓▓▓▓▓▓▓▓▓▓▓▓▓▓


You could see 2 tengu reavers and a rakshasa.

Vanquished Creatures
  An ice dragon (D)
  A centaur warrior (D)
  2 orc high priests (D)
  A necromancer (D)
  3 orc knights (D)
  A deep elf pyromancer (D)
  3 ugly things (D)
  3 cyclopes (D)
  Joseph (D)
  An elephant (D)
  A black mamba (D)
  2 cane toads (D)
  A rime drake (D)
  Psyche (D)
  An unseen horror (D)
  A tengu conjurer (D)
  2 trolls (D)
  A wraith (D)
  3 yaks (D)
  2 wargs (D)
  An acid dragon (D)
  A floating eye (D)
  4 orc warriors (D)
  A black bear (D)
  6 wolves (D)
  A centaur (D)
  A boggart (D)
  A kobold brigand (D)
  A bullfrog (D)
  A killer bee (D)
  An iguana (D)
  2 adders (D)
  A dart slug (D)
  2 orcs (D)
  An endoplasm (D)
  A jackal (D)
  A kobold (D)
  A ball python (D)
  A bat simulacrum (D)
61 creatures vanquished.

Vanquished Creatures (collateral kills)
  A death yak (D)
  6 orc high priests (D)
  7 orc knights (D)
  An orc sorcerer (D)
  A black mamba (D)
  A komodo dragon (D)
  A yak (D)
  3 water moccasins (D)
  3 orc warriors (D)
  A wolf (D)
  2 orc priests (D)
  6 orc wizards (D)
  5 orcs (D)
38 creatures vanquished.

Grand Total: 99 creatures vanquished

Notes
Turn   | Place    | Note
-------+----------+-------------------------------------------
     0 | D        | Atreus the Spriggan Berserker began the quest for the Orb.
     0 | D        | Reached XP level 1. HP: 11/11 MP: 2/2
    10 | D        | Reached ** piety under Trog
    14 | D        | Reached skill level 5 in Dodging
    65 | D        | Noticed an iguana
    73 | D        | Killed an iguana
    74 | D        | Reached skill level 5 in Short Blades
    74 | D        | Reached skill level 6 in Dodging
    74 | D        | Reached XP level 2. HP: 14/17 MP: 3/3
    74 | D        | Reached XP level 3. HP: 18/21 MP: 4/4
    75 | D        | Reached *** piety under Trog
    88 | D        | Found a snail-covered altar of Cheibriados.
    88 | D        | Found a shadowy altar of Dithmenos.
    88 | D        | Found a white marble altar of Elyvilon.
    88 | D        | Found a blossoming altar of Fedhas.
    88 | D        | Found an opulent altar of Gozag.
    89 | D        | Found a hazy altar of Hepliaklqana.
    90 | D        | Found a viscous altar of Jiyva.
    91 | D        | Found an ancient bone altar of Kikubaaqudgha.
    92 | D        | Found a corrupted altar of Lugonu.
    93 | D        | Found a burning altar of Makhleb.
    94 | D        | Found a sparkling altar of Nemelex Xobeh.
    95 | D        | Found an iron altar of Okawaru.
    96 | D        | Found a stormy altar of Qazlal.
    97 | D        | Found a sacrificial altar of Ru.
    98 | D        | Found a shimmering blue altar of Sif Muna.
   135 | D        | Found a bloodstained altar of Trog.
   136 | D        | Found a hide-covered altar of Uskayaw.
   137 | D        | Found a radiant altar of Vehumet.
   138 | D        | Found an ornate altar of the Wu Jian Council.
   139 | D        | Found a shimmering altar of Xom.
   140 | D        | Found a basalt altar of Yredelemnul.
   141 | D        | Found a glowing silver altar of Zin.
   142 | D        | Found a glowing golden altar of the Shining One.
   191 | D        | Noticed a wraith
   191 | D        | Noticed an unseen horror
   191 | D        | Noticed a kobold brigand
   191 | D        | Noticed a troll
   191 | D        | Noticed an acid dragon
   191 | D        | Noticed a killer bee
   195 | D        | Killed a killer bee
   196 | D        | Reached skill level 7 in Dodging
   196 | D        | Reached XP level 4. HP: 26/26 MP: 5/5
   201 | D        | Killed an acid dragon
   201 | D        | Reached **** piety under Trog
   202 | D        | Reached skill level 9 in Dodging
   202 | D        | Reached XP level 5. HP: 32/32 MP: 6/6
   208 | D        | Killed a troll
   209 | D        | Reached skill level 1 in Long Blades
   209 | D        | Reached skill level 11 in Dodging
   209 | D        | Reached XP level 6. HP: 17/38 MP: 7/7
   233 | D        | Reached skill level 12 in Dodging
   259 | D        | Killed an unseen horror
   260 | D        | Reached skill level 10 in Short Blades
   260 | D        | Reached skill level 13 in Dodging
   260 | D        | Reached XP level 7. HP: 26/42 MP: 8/8
   262 | D        | Killed a wraith
   335 | D        | Noticed a centaur warrior
   335 | D        | Noticed a deep elf pyromancer
   335 | D        | Noticed a cyclops
   335 | D        | Noticed a cyclops
   335 | D        | Noticed a troll
   342 | D        | Reached ***** piety under Trog
   346 | D        | Killed a troll
   347 | D        | Reached skill level 14 in Dodging
   347 | D        | Reached XP level 8. HP: 48/48 MP: 9/9
   348 | D        | Killed a cyclops
   349 | D        | Reached skill level 5 in Long Blades
   351 | D        | Killed a cyclops
   352 | D        | Reached skill level 15 in Dodging
   363 | D        | Killed a centaur warrior
   364 | D        | Reached XP level 9. HP: 44/54 MP: 10/10
   374 | D        | Killed a deep elf pyromancer
   375 | D        | Reached skill level 10 in Fighting
   375 | D        | Reached skill level 16 in Dodging
   530 | D        | Noticed a cane toad
   530 | D        | Noticed a black mamba
   530 | D        | Noticed a cane toad
   541 | D        | Noticed a rime drake
   542 | D        | Killed a cane toad
   544 | D        | Killed a black mamba
   544 | D        | Received a gift from Trog
   551 | D        | Killed a cane toad
   552 | D        | Reached skill level 10 in Long Blades
   553 | D        | Noticed an elephant
   556 | D        | Reached XP level 10. HP: 60/60 MP: 11/11
   563 | D        | Reached skill level 17 in Dodging
   588 | D        | Killed an elephant
   632 | D        | Noticed a death yak
   639 | D        | Killed a death yak
   639 | D        | Received a gift from Trog
   640 | D        | Reached skill level 1 in Armour
   640 | D        | Noticed a black mamba
   643 | D        | Reached ****** piety under Trog
   643 | D        | Killed a black mamba
   674 | D        | Received a gift from Trog
   701 | D        | Received a gift from Trog
  1016 | D        | Noticed Psyche
  1024 | D        | Killed Psyche
  1106 | D        | Received a gift from Trog
  1118 | D        | Received a gift from Trog
  1141 | D        | Noticed an orc sorcerer
  1141 | D        | Noticed an orc knight
  1141 | D        | Noticed an orc high priest
  1141 | D        | Noticed an orc knight
  1141 | D        | Noticed an orc knight
  1148 | D        | Noticed a smoke demon
  1153 | D        | Killed an orc knight
  1154 | D        | Reached XP level 11. HP: 60/66 MP: 12/12
  1155 | D        | Killed an orc knight
  1156 | D        | Reached skill level 18 in Dodging
  1161 | D        | Killed an orc high priest
  1161 | D        | Received a gift from Trog
  1163 | D        | Killed an orc knight
  1165 | D        | Killed an orc sorcerer
  1193 | D        | Reached skill level 5 in Armour
  1291 | D        | Found Beged's Weapon Boutique.
  1291 | D        | Noticed an orc knight
  1291 | D        | Noticed an orc high priest
  1291 | D        | Noticed an orc high priest
  1291 | D        | Noticed an orc knight
  1291 | D        | Noticed an orc knight
  1292 | D        | Noticed an orc high priest
  1296 | D        | Killed an orc knight
  1296 | D        | Received a gift from Trog
  1301 | D        | Killed an orc knight
  1302 | D        | Killed an orc high priest
  1305 | D        | Noticed a sun demon
  1308 | D        | Killed an orc high priest
  1309 | D        | Reached skill level 15 in Long Blades
  1311 | D        | Killed an orc knight
  1312 | D        | Noticed an orc high priest
  1313 | D        | Killed an orc high priest
  1318 | D        | Noticed an orc high priest
  1319 | D        | Killed an orc high priest
  1325 | D        | Killed an orc high priest
  1326 | D        | Reached skill level 19 in Dodging
  1463 | D        | Found Diyffiju's Distillery.
  1467 | D        | Found Faosch's Weapon Boutique.
  1471 | D        | Found Ithralaonk's Assorted Antiques.
  1473 | D        | Noticed an orc knight
  1474 | D        | Noticed an orc high priest
  1475 | D        | Noticed an orc knight
  1476 | D        | Noticed an orc high priest
  1483 | D        | Killed an orc knight
  1488 | D        | Noticed an orc knight
  1494 | D        | Killed an orc high priest
  1495 | D        | Reached XP level 12. HP: 73/73 MP: 13/13
  1607 | D        | Killed an orc high priest
  1607 | D        | Received a gift from Trog
  1818 | D        | Bought a potion of resistance for 110 gold pieces
  1818 | D        | Bought a potion of heal wounds for 55 gold pieces
  1818 | D        | Bought a potion of curing for 33 gold pieces
  1822 | D        | Bought 2 potions of curing for 120 gold pieces
  1822 | D        | Bought a scroll of blinking for 150 gold pieces
  1822 | D        | Bought a scroll labelled PUFIHA OGEO for 20 gold pieces
  1822 | D        | Bought a scroll of blinking for 150 gold pieces
  1888 | D        | Noticed Joseph
  1899 | D        | Killed Joseph
  2090 | D        | Noticed an ice dragon
  2098 | D        | Noticed a tengu reaver
  2246 | D        | Reached skill level 20 in Dodging
  2302 | D        | Killed an ice dragon
  2353 | D        | Received a gift from Trog
  2505 | D        | Noticed a rakshasa
  2518 | D        | Mangled by a tengu reaver

Illustrated notes

Levels and vault maps discovered:
D:        linesprint [early_d, line_temple, items_1, d_10, items_2, lair_1,
          lair_end, items_3, orc_1, orc_end, items_4, d_15, swamp_1, shoals_1,
          snake_1, spider_1, d_20, vaults_1, items_5, swamp_end, shoals_end,
          snake_end, spider_end, vaults_end, d_27, items_6, zot_1, zot_end,
          crypt_end, forest_end, elf_end, slime_end, tomb_end, abyss_end,
          pan_hell_end]

Skill      XL: |  1  2  3  4  5  6  7  8  9 10 11 12 |
---------------+-------------------------------------+-----
Fighting       | 3 4 6 7 8 9 10 11 13 14 | 14.1
Short Blades   | 5 6 7 9 10 | 10.6
Dodging        | 6 7 9 11 13 14 15 16 17 19 20 | 20.3
Long Blades    | 1 3 4 7 10 13 16 17 | 17.1
Armour         | 3 6 7 |  7.1
Evocations     | |  0.6

Action                     |  1- 3 |  4- 6 |  7- 9 | 10-12 || total
---------------------------+-------+-------+-------+-------++-------
  Melee: Short sword       |    23 |       |       |       ||    23
         Scimitar          |     2 |    21 |    56 |   104 ||   183
         Punch             |       |       |     2 |     1 ||     3
         Double sword      |       |       |       |   119 ||   119
 Invoke: Berserk           |     3 |       |     2 |     4 ||     9
         Trog's Hand       |     1 |       |     2 |     8 ||    11
         Brothers in Arms  |       |       |       |     9 ||     9
  Evoke: Wand              |     1 |     1 |       |     1 ||     3
    Use: Potion            |       |     2 |     1 |       ||     3
         Scroll            |       |       |     1 |     1 ||     2
   Stab: Invisible         |       |       |     2 |       ||     2
 Armour: Animal skin       |       |     2 |       |       ||     2
         Troll leather arm |       |       |     1 |     6 ||     7
         Acid dragon scale |       |       |       |    12 ||    12
         Ice dragon scales |       |       |       |     1 ||     1
  Dodge: Dodged            |    13 |    56 |    77 |   199 ||   345

Table legend: (Time is in decaauts)
 A = Elapsed time spent in this place.
 B = Non-inter-level travel time spent in this place.
 C = Inter-level travel time spent in this place.
 D = Time resting spent in this place.
 E = Time spent auto-exploring this place.
 F = Levels seen in this place.
 G = Mean time per level.
                   A        B        C        D        E       F      G
               +--------+--------+--------+--------+--------+-----+--------+
         Total |   2076 |   2054 |     22 |    886 |     53 |   1 | 2076.0 |
       Dungeon |   2076 |   2054 |     22 |    886 |     53 |   1 | 2076.0 |
               +--------+--------+--------+--------+--------+-----+--------+

Top non-repeatable levels by time:
       D: 2076 daAuts
